 Dungeon Crawl Stone Soup version 0.29-a0-490-g77b3608bb8 (webtiles) character file.

Game seed: 2852080830767865301

76689 croobank the Covert (level 15, -4/120 HPs)
             Began as a Gnoll Delver on May 26, 2022.
             Was an Initiate of Gozag.
             Slain by a minotaur
             ... wielding the +6 hand crossbow of Ignis's Benevolence {speed, +Blink}
              (11 damage)
             ... in a Gauntlet.
             The game lasted 01:57:58 (24755 turns).

croobank the Covert (Gnoll Delver)                 Turns: 24755, Time: 01:58:05

Health: -4/120     AC: 18    Str: 18 (19) XL:     15   Next: 54%
Magic:  15/29      EV: 14    Int: 16      God:    Gozag
Gold:   5094       SH:  0    Dex:  9 (11) Spells: 0/34 levels left

rFire   + + +      SeeInvis +   a - +9 trident of Slime {spect, rPois rF+ Dex-2}
rCold   . . .      Faith    .   (no shield)
rNeg    . . .      Spirit   .   j - +2 ring mail {rF+}
rPois   +          Reflect  .   e - +1 helmet {SInv}
rElec   .          Harm     .   K - +2 cloak
rCorr   .          Rampage  .   (no gloves)
Will    +....      NoTele   +   o - +0 pair of boots
Stlth   +++++.....              r - amulet of magic regeneration
HPRegen 1.10/turn               I - ring of protection from fire
MPRegen 0.61/turn               N - +6 ring of strength

@: hasted, very quick
A: fangs 1, strong nose, distributed training, iridescent scales 1,
deterioration 1, regeneration 1, subdued magic 1
a: Renounce Religion, Potion Petition, Call Merchant, Bribe Branch


You were in a Gauntlet.
You worshipped Gozag.
Gozag was greatly pleased with you.
You visited 3 branches of the dungeon, and saw 19 of its levels.
You also visited: Gauntlet.

You collected 6644 gold pieces.
You paid 1550 gold pieces to Gozag.

Inventory:

Hand Weapons
 a - the +9 trident of Slime (weapon) {spect, rPois rF+ Dex-2}
   (You found it on level 5 of the Dungeon)

   When its wielder attacks, the weapon's spirit leaps out and strikes again.
   The spirit shares a part of any damage it takes with its wielder.
   Dex:       It affects your dexterity (-2).
   rF:        It protects you from fire.
   rPois:     It protects you from poison.
 f - a +0 vampiric long sword
 m - a +2 hand axe of flaming
 t - a +2 falchion of holy wrath
 E - a +3 spear of venom
 G - a +0 falchion of flaming
 J - a +0 battleaxe
 L - the +4 scimitar of Generosity {vorpal, Fly rN+ Will+ Stlth-}
   (You found it on level 6 of the Lair of Beasts)

   It inflicts extra damage upon your enemies.
   rN:        It protects you from negative energy.
   Fly:       It grants you flight.
   Will:      It increases your willpower.
   Stlth:     It makes you less stealthy.
 O - the +3 great sword "Bicahuz" {pain, rN+}
   (You took it off an orc on level 8 of the Dungeon)

   In the hands of one skilled in necromantic magic, it inflicts extra damage on
   living creatures.
   rN:        It protects you from negative energy.
Missiles
 U - 3 boomerangs of dispersal (quivered)
Armour
 e - a +1 helmet of see invisible (worn)
 j - a +2 ring mail of fire resistance (worn)
 o - a +0 pair of boots (worn)
 K - a +2 cloak (worn)
 M - +3 steam dragon scales
Jewellery
 h - a ring of ice
 q - a ring of magical power
 r - an amulet of magic regeneration (around neck)
 B - a ring of magical power
 D - a ring of see invisible
 I - a ring of protection from fire (left hand)
 N - a +6 ring of strength (right hand)
 S - the ring "Opidogot" {rPois rF- Str+6 Dex+4}
   (You found it on level 8 of the Dungeon)

   [ring of strength]

   Str:       It affects your strength (+6).
   Dex:       It affects your dexterity (+4).
   rF:        It makes you vulnerable to fire.
   rPois:     It protects you from poison.
 W - a ring of resist corrosion
Wands
 g - a wand of digging (7)
 l - a wand of charming (4)
 w - a wand of flame (66)
 y - a wand of paralysis (3)
 Y - a wand of polymorph (3)
Scrolls
 b - 2 scrolls of fear
 c - 3 scrolls of fog
 k - 3 scrolls of identify
 A - a scroll of enchant armour
 H - 11 scrolls of teleportation
 Q - 2 scrolls of enchant weapon
 T - 4 scrolls of magic mapping
Potions
 n - 5 potions of resistance
 s - 6 potions of mutation
 u - 4 potions of lignification
 v - a potion of attraction
 z - 2 potions of magic
 C - 2 potions of cancellation
 P - 2 potions of curing
 V - 3 potions of brilliance
Miscellaneous
 R - a condenser vane


   Skills:
 + Level 12.0 Fighting
 + Level 10.2 Short Blades
 + Level 10.2 Long Blades
 + Level 11.2 Axes
 + Level 10.2 Maces & Flails
 + Level 10.2 Polearms
 + Level 10.2 Staves
 + Level 10.2 Slings
 + Level 10.2 Bows
 + Level 10.2 Crossbows
 + Level 10.2 Throwing
 + Level 10.2 Armour
 + Level 11.2 Dodging
 + Level 13.7 Stealth
 + Level 10.2 Shields
 + Level 10.2 Unarmed Combat
 + Level 10.2 Spellcasting
 + Level 8.5 Conjurations
 + Level 8.5 Hexes
 + Level 8.5 Summonings
 + Level 8.5 Necromancy
 + Level 8.5 Translocations
 + Level 8.5 Transmutations
 + Level 8.5 Fire Magic
 + Level 8.5 Ice Magic
 + Level 8.5 Air Magic
 + Level 8.5 Earth Magic
 + Level 8.5 Poison Magic
 + Level 11.1 Invocations
 + Level 10.2 Evocations


You couldn't memorise any spells.
You knew the following spells:

 Your Spells              Type           Power      Damage    Failure   Level
a - Beastly Appendage     Tmut           54%        N/A       1%          1
b - Poisonous Vapours     Pois/Air       54%        N/A       1%          2
c - Olgreb's Toxic Radia  Pois           27%        N/A       3%          4
d - Fulminant Prism       Conj/Hex       13%        3d9       3%          4
e - Metabolic Englaciati  Hex/Ice        13%        N/A       10%         5
f - Statue Form           Tmut/Erth      18%        N/A       50%         6
g - Petrify               Tmut/Erth      27%        N/A       3%          4
h - Apportation           Tloc           54%        N/A       1%          1
i - Hailstorm             Conj/Ice       27%        3d7       3%          4
j - Frozen Ramparts       Ice            54%        1d7       1%          3

Your spell library contained the following spells:

 Spells                   Type           Power      Damage    Failure   Level
 Freeze                   Ice            100%       1d11      1%          1
 Magic Dart               Conj           100%       1d8       1%          1
 Necrotize                Necr           100%       1d9       1%          1
 Sting                    Tmut/Pois      100%       1d8       1%          1
 Summon Small Mammal      Summ           100%       N/A       1%          1
 Searing Ray              Conj           54%        2d6       1%          2
 Wereblood                Tmut           27%        N/A       1%          2
 Ozocubu's Armour         Ice            27%        N/A       1%          3
 Spider Form              Tmut/Pois      27%        N/A       1%          3
 Simulacrum               Ice/Necr       Unusable   N/A       N/A         6

Dungeon Overview and Level Annotations

Branches:
Dungeon (11/15)            Temple (0/1) D:7            Lair (6/6) D:8
 Shoals (0/4) Lair:4        Snake (0/4) Lair:2        Slime (0/5) Lair:5
    Orc (2/2) D:10        Gauntlet (1/1)
    Elf: Orc:2

Altars:
Elyvilon
Fedhas
Gozag
Okawaru
Trog
Uskayaw
Vehumet
Wu Jian
Xom
Jiyva

Portals:
Trove: D:11 (show slimy rune of Zot)

Annotations:
D:2 1 runed translucent door, Crazy Yiuf
Lair:3 1 runed translucent door, Pasiac's ghost, journeyman FoFi
Orc:2 Saint Roka Gauntlet 4 transporters, 1 runed translucent door


Innate Abilities, Weirdness & Mutations

You have very sharp teeth.
Your uncanny sense of smell can sniff out nearby items.
Your experience applies equally to all skills.
You are partially covered in iridescent scales. (AC +2)
Your body sometimes deteriorates upon taking damage.
Your natural rate of healing is unusually fast.
Your spells are a little easier to cast, but a little less powerful.


Message History

Press: ? - help, Dir - look around, f - activate You radiate an aura of cold.
The minotaur seems to slow down.
Your +9 trident of Slime {spect, rPois rF+ Dex-2} is unaffected.
The minotaur misses you. The minotaur gores you.
* * * LOW HITPOINT WARNING * * *
The minotaur shoots a bolt.
The bolt hits you!!
* * * LOW HITPOINT WARNING * * *
Reach: a) +9 trident of Slime {spect, rPois rF+ Dex-2}
Press: ? - help, Dir - move target, f - minotaur
Aim: a minotaur, wielding the +6 hand crossbow of Ignis's Benevolence {speed, +Blink}, wearing a +0 plate armour and quivering javelins (grey smoke, lightly wounded, slow, about 17% to evade the +9 trident of Slime)
You reach to attack!
You hit the minotaur but do no damage.
The minotaur is lightly wounded.
Your +9 trident of Slime {spect, rPois rF+ Dex-2} hits the minotaur!
Casting: Metabolic Englaciation (dangerous; 10% risk of failure)
Confirm with . or Enter, or press ? or * to list all spells.
Okay, then.
You feel better.
Casting: Metabolic Englaciation (dangerous; 10% risk of failure)
Confirm with . or Enter, or press ? or * to list all spells.
Aiming: Poisonous Vapours (safe; 1% risk of failure)
Press: ? - help, Dir - move target, f/p - minotaur
Aim: a minotaur, wielding the +6 hand crossbow of Ignis's Benevolence {speed, +Blink}, wearing a +0 plate armour and quivering javelins (blue smoke, moderately wounded, slow) Poisonous vapours surround the minotaur!
The minotaur is poisoned.
The minotaur is no longer moving slowly.
Casting: Poisonous Vapours (safe; 1% risk of failure)
Confirm with . or Enter, or press ? or * to list all spells.
Casting: Metabolic Englaciation (dangerous; 10% risk of failure)
Press: ? - help, Dir - look around, f - activate You radiate an aura of cold.
The minotaur resists.
The minotaur completely misses you. The minotaur gores you.
* * * LOW HITPOINT WARNING * * *
Casting: Metabolic Englaciation (dangerous; 10% risk of failure)
Confirm with . or Enter, or press ? or * to list all spells.
Casting: Metabolic Englaciation (dangerous; 10% risk of failure)
Press: ? - help, Dir - look around, f - activate You radiate an aura of cold.
The minotaur resists.
The minotaur hits you with the +6 hand crossbow of Ignis's Benevolence {speed, +Blink}!
You die...
Your body crumbles into a pile of gold.

#.#####.#.#§©.#...##..#
### #.#.#.8.#.8.#..!# $
#...(.©.#.∩.####©
#H#H#.8.#.8.#....
#.#.#.©.#...#.###
#.#.#.8.#...#....
..#§#.©.#.8.#####
######§#.8.#.⌠.#8..©
#§§@H§§#...#.8.#©...
########...#...#8..©
#≈≈≈#...#####
##≈###..#..(© ##
##.#.### ##≈.#.##.
#≈≈.#...© ##≈.#.#..
##.###.#


You could see a minotaur (poisoned).

Vanquished Creatures
  Josephine (D:11)
  A great orb of eyes (Gauntlet)
  An ice dragon (Lair:6)
  5 hydras
  3 boulder beetles
  A catoblepas (Gauntlet)
  20 death yaks
  2 two-headed ogres (D:11)
  The ghost of Gelos the Cleaver, a novice MiFi of Qazlal (D:10)
  An orc high priest (Orc:1)
  An orc knight (Orc:1)
  2 lindwurms (Lair:6)
  Pikel (D:9)
  2 orc sorcerers (Orc:1)
  A wolf spider (Lair:6)
  2 ugly things (Gauntlet)
  A cyclops (D:10)
  2 manticores (D:11)
  A shining eye (Gauntlet)
  A moth of wrath (shapeshifter) (Gauntlet)
  A merfolk siren (Lair:4)
  28 elephants
  6 black mambas (Lair:6)
  A gargoyle (Gauntlet)
  An ice statue (Lair:6)
  18 cane toads
  6 torpor snails
  2 molten gargoyles (Gauntlet)
  An unseen horror (D:11)
  Maggie (D:7)
  An unseen horror (shapeshifter) (Gauntlet)
  3 rime drakes
  4 komodo dragons
  A freezing wraith (Lair:6)
  3 trolls
  3 merfolk (Lair:4)
  12 hornets
  3 tyrant leeches (Lair:6)
  3 polar bears
  12 blink frogs
  6 dream sheep (Lair:4)
  A spriggan (Lair:3)
  4 shadows (Gauntlet)
  A vampire (D:11)
  2 basilisks
  14 wyverns
  44 yaks
  A steam dragon (Lair:3)
  2 redbacks (Lair:6)
  3 wraiths (D:11)
  2 vampire mosquitoes (D:10)
  A naga (shapeshifter) (Gauntlet)
  2 wargs (Orc:1)
  2 floating eyes (Gauntlet)
  27 water moccasins
  7 orc warriors
  2 sky beasts
  9 ice beasts
  An ogre (D:4)
  A centaur (D:8)
  5 wolves (Lair:5)
  4 lemures (D:9)
  2 kobold brigands
  11 bullfrogs
  3 gnoll sergeants
  A necrophage (D:6)
  4 scorpions
  6 wights
  5 killer bees (D:10)
  2 howler monkeys
  2 lava snakes (Lair:5)
  7 hounds
  5 jellies
  6 orc priests
  Terence (D:2)
  3 iguanas
  Natasha (thrice) (D:2)
  5 hell rats
  12 orc wizards
  14 gnolls
  2 adders
  2 shadow imps
  4 white imps
  An ufetubus (D:6)
  2 dart slugs
  4 worms
  32 orcs
  12 ball pythons
  3 bats
  8 endoplasms
  A giant cockroach (D:4)
  7 goblins
  5 hobgoblins
  8 jackals
  4 quokkas
  3 frilled lizards
  19 kobolds
  5 rats
515 creatures vanquished.

Vanquished Creatures (others)
  A bush (Lair:3)
  31 fulminant prisms
  44 fungi
  81 plants
157 creatures vanquished.

Grand Total: 672 creatures vanquished

Notes
Turn   | Place    | Note
-------+----------+-------------------------------------------
     0 | D:5      | Reached skill level 9 in Stealth
     0 | D:5      | croobank the Gnoll Delver began the quest for the Orb.
     0 | D:5      | Reached XP level 1. HP: 23/23 MP: 1/1
    27 | D:5      | Noticed an orc wizard
    34 | D:4      | Noticed an ogre
   278 | D:3      | Found a blossoming altar of Fedhas.
   645 | D:2      | Noticed Terence
   979 | D:1      | Reached XP level 2. HP: 21/29 MP: 2/2
  1080 | D:1      | Found a faded altar of an unknown god.
  1379 | D:1      | Reached XP level 3. HP: 35/35 MP: 3/3
  1555 | D:2      | Noticed Natasha
  1567 | D:2      | Killed Natasha
  1568 | D:2      | Reached skill level 1 in Short Blades
  1568 | D:2      | Reached skill level 1 in Long Blades
  1568 | D:2      | Reached skill level 1 in Maces & Flails
  1568 | D:2      | Reached skill level 1 in Polearms
  1568 | D:2      | Reached skill level 1 in Staves
  1568 | D:2      | Reached skill level 1 in Slings
  1568 | D:2      | Reached skill level 1 in Bows
  1568 | D:2      | Reached skill level 1 in Crossbows
  1568 | D:2      | Reached skill level 1 in Throwing
  1568 | D:2      | Reached skill level 1 in Armour
  1568 | D:2      | Reached skill level 1 in Shields
  1568 | D:2      | Reached skill level 1 in Unarmed Combat
  1568 | D:2      | Reached skill level 1 in Spellcasting
  1568 | D:2      | Reached skill level 1 in Invocations
  1568 | D:2      | Reached skill level 1 in Evocations
  1631 | D:2      | Reached XP level 4. HP: 39/41 MP: 5/5
  1750 | D:2      | Killed Terence
  1769 | D:2      | Noticed Natasha
  1778 | D:2      | Killed Natasha
  1779 | D:2      | Reached skill level 1 in Conjurations
  1779 | D:2      | Reached skill level 1 in Hexes
  1779 | D:2      | Reached skill level 1 in Summonings
  1779 | D:2      | Reached skill level 1 in Necromancy
  1779 | D:2      | Reached skill level 1 in Translocations
  1779 | D:2      | Reached skill level 1 in Transmutations
  1779 | D:2      | Reached skill level 1 in Fire Magic
  1779 | D:2      | Reached skill level 1 in Ice Magic
  1779 | D:2      | Reached skill level 1 in Air Magic
  1779 | D:2      | Reached skill level 1 in Earth Magic
  1779 | D:2      | Reached skill level 1 in Poison Magic
  1943 | D:2      | Found an opulent altar of Gozag.
  2032 | D:2      | Learned a level 1 spell: Beastly Appendage
  2055 | D:2      | Noticed Natasha
  2062 | D:2      | Killed Natasha
  2063 | D:2      | Reached XP level 5. HP: 36/47 MP: 4/7
  2326 | D:2      | Found a runed translucent door.
  2474 | D:2      | Noticed Crazy Yiuf
  3303 | D:2      | Became a worshipper of Gozag Ym Sagoz the Greedy
  3531 | D:4      | Found an iron altar of Okawaru.
  3767 | D:4      | Killed an ogre
  3768 | D:4      | Reached XP level 6. HP: 50/53 MP: 8/8
  3813 | D:4      | Reached skill level 5 in Axes
  3813 | D:4      | Reached skill level 5 in Dodging
  4716 | D:5      | Reached XP level 7. HP: 42/59 MP: 10/10
  4774 | D:5      | You fall into a shaft and drop 3 floors!
  4800 | D:7      | Noticed Maggie
  4805 | D:7      | Found a white marble altar of Elyvilon.
  5042 | D:7      | Found a hide-covered altar of Uskayaw.
  5493 | D:5      | Identified the +9 trident of Slime {spect, rPois rF+ Dex-2}
  5513 | D:5      | Reached skill level 10 in Stealth
  5584 | D:5      | Learned a level 2 spell: Poisonous Vapours
  5711 | D:5      | Found an ornate altar of the Wu Jian Council.
  5784 | D:5      | Found a shimmering altar of Xom.
  5794 | D:5      | Reached XP level 8. HP: 61/67 MP: 12/12
  7146 | D:7      | Found a staircase to the Ecumenical Temple.
  7288 | D:7      | Killed Maggie
  7289 | D:7      | Reached XP level 9. HP: 51/73 MP: 14/14
  7583 | D:7      | Found a radiant altar of Vehumet.
  7682 | D:8      | Identified the +3 great sword "Bicahuz" {pain, rN+}
  7720 | D:8      | Noticed a death yak
  7983 | D:8      | Noticed a hornet
  7991 | D:8      | Paralysed by a hornet for 3 turns
  7994 | D:8      | Killed a hornet
  8632 | D:8      | Reached skill level 5 in Invocations
  8729 | D:8      | Identified the ring "Opidogot" {rPois rF- Str+6 Dex+4}
  8819 | D:8      | Found a radiant altar of Vehumet.
  8868 | D:8      | Found a staircase to the Lair.
  8870 | D:8      | Noticed a death yak
  8870 | D:8      | Noticed a death yak
  8900 | D:7      | Killed a death yak
  8901 | D:7      | Reached XP level 10. HP: 47/80 MP: 12/17
  9061 | D:7      | Killed a death yak
  9062 | D:7      | Reached skill level 5 in Short Blades
  9062 | D:7      | Reached skill level 5 in Long Blades
  9062 | D:7      | Reached skill level 5 in Maces & Flails
  9062 | D:7      | Reached skill level 5 in Polearms
  9062 | D:7      | Reached skill level 5 in Staves
  9062 | D:7      | Reached skill level 5 in Slings
  9062 | D:7      | Reached skill level 5 in Bows
  9062 | D:7      | Reached skill level 5 in Crossbows
  9062 | D:7      | Reached skill level 5 in Throwing
  9062 | D:7      | Reached skill level 5 in Armour
  9062 | D:7      | Reached skill level 5 in Shields
  9062 | D:7      | Reached skill level 5 in Unarmed Combat
  9062 | D:7      | Reached skill level 5 in Spellcasting
  9062 | D:7      | Reached skill level 5 in Evocations
  9579 | D:7      | Killed a death yak
  9583 | D:7      | Reached skill level 11 in Stealth
 10645 | D:9      | Noticed Pikel
 10651 | D:9      | Killed Pikel
 10652 | D:9      | Reached XP level 11. HP: 44/87 MP: 19/19
 11010 | Lair:1   | Entered Level 1 of the Lair of Beasts
 11010 | Lair:1   | Noticed a five-headed hydra
 11033 | Lair:1   | Killed a one-headed hydra
 11043 | Lair:1   | Reached skill level 5 in Conjurations
 11043 | Lair:1   | Reached skill level 5 in Hexes
 11043 | Lair:1   | Reached skill level 5 in Summonings
 11043 | Lair:1   | Reached skill level 5 in Necromancy
 11043 | Lair:1   | Reached skill level 5 in Translocations
 11043 | Lair:1   | Reached skill level 5 in Transmutations
 11043 | Lair:1   | Reached skill level 5 in Fire Magic
 11043 | Lair:1   | Reached skill level 5 in Ice Magic
 11043 | Lair:1   | Reached skill level 5 in Air Magic
 11043 | Lair:1   | Reached skill level 5 in Earth Magic
 11043 | Lair:1   | Reached skill level 5 in Poison Magic
 11417 | D:8      | Learned a level 4 spell: Olgreb's Toxic Radiance
 11619 | Lair:1   | You fall into a shaft and drop 1 floor!
 11752 | Lair:2   | Found a staircase to the Snake Pit.
 12265 | Lair:1   | Noticed a four-headed hydra
 12271 | Lair:1   | Killed a four-headed hydra
 13158 | Lair:3   | Reached XP level 12. HP: 83/96 MP: 22/22
 13237 | Lair:3   | Learned a level 4 spell: Fulminant Prism
 13243 | Lair:3   | Learned a level 5 spell: Metabolic Englaciation
 13250 | Lair:3   | Learned a level 6 spell: Statue Form
 13519 | Lair:3   | Noticed a death yak
 13522 | Lair:3   | Noticed a death yak
 13886 | Lair:3   | Killed a death yak
 13891 | Lair:3   | Killed a death yak
 14133 | Lair:3   | Found a runed translucent door.
 14137 | Lair:3   | Found a shimmering altar of Xom.
 14137 | Lair:3   | Noticed Pasiac's ghost (journeyman FoFi)
 14369 | Lair:3   | Noticed a death yak
 14369 | Lair:3   | Noticed a death yak
 14369 | Lair:3   | Noticed a death yak
 14382 | Lair:3   | Killed a death yak
 14383 | Lair:3   | Reached skill level 12 in Stealth
 14388 | Lair:3   | Killed a death yak
 14394 | Lair:3   | Killed a death yak
 14395 | Lair:3   | Reached skill level 10 in Fighting
 15231 | Lair:4   | Reached XP level 13. HP: 56/103 MP: 24/24
 16172 | Lair:4   | Found a staircase to the Shoals.
 16853 | Lair:5   | Learned a level 4 spell: Petrify
 18283 | Lair:5   | Gained mutation: You are frail. (-10% HP) [potion of
                  | mutation]
 18283 | Lair:5   | Gained mutation: You are resistant to electric shocks.
                  | (rElec) [potion of mutation]
 18284 | Lair:5   | Lost mutation: You are resistant to electric shocks.
                  | (rElec) [potion of mutation]
 18284 | Lair:5   | Lost mutation: You are frail. (-10% HP) [potion of
                  | mutation]
 18284 | Lair:5   | Gained mutation: Your natural rate of healing is unusually
                  | fast. [potion of mutation]
 18284 | Lair:5   | Gained mutation: You are partially covered in iridescent
                  | scales. (AC +2) [potion of mutation]
 18612 | Lair:5   | Found a viscous altar of Jiyva.
 18612 | Lair:5   | Found a staircase to the Slime Pits.
 18952 | Lair:5   | Reached skill level 10 in Axes
 18952 | Lair:5   | Reached skill level 10 in Dodging
 18952 | Lair:5   | Reached XP level 14. HP: 108/113 MP: 26/26
 19080 | Lair:6   | Entered Level 6 of the Lair of Beasts
 19295 | Lair:6   | Reached skill level 13 in Stealth
 19446 | Lair:6   | Reached skill level 10 in Invocations
 19855 | Lair:6   | Found a runed translucent door.
 19912 | Lair:6   | Paralysed by a hornet for 1 turns
 20864 | Lair:6   | Learned a level 1 spell: Apportation
 20890 | Lair:6   | Identified the +4 scimitar of Generosity {vorpal, Fly rN+
                  | Will+ Stlth-} (You found it on level 6 of the Lair of
                  | Beasts)
 21711 | D:10     | Entered Level 10 of the Dungeon
 21794 | D:10     | Found a staircase to the Orcish Mines.
 21820 | D:10     | Reached XP level 15. HP: 114/120 MP: 21/28
 22341 | D:10     | Found a runed translucent gate.
 22342 | D:10     | Found a runed translucent gate.
 22344 | D:10     | Found a runed translucent gate.
 22346 | D:10     | Noticed Gelos's ghost (novice MiFi)
 22356 | D:10     | Killed Gelos's ghost
 22749 | D:11     | Noticed Josephine
 22765 | D:11     | Killed Josephine
 22778 | D:11     | Reached skill level 10 in Short Blades
 22778 | D:11     | Reached skill level 10 in Long Blades
 22778 | D:11     | Reached skill level 10 in Maces & Flails
 22778 | D:11     | Reached skill level 10 in Polearms
 22778 | D:11     | Reached skill level 10 in Staves
 22778 | D:11     | Reached skill level 10 in Slings
 22778 | D:11     | Reached skill level 10 in Bows
 22778 | D:11     | Reached skill level 10 in Crossbows
 22778 | D:11     | Reached skill level 10 in Throwing
 22778 | D:11     | Reached skill level 10 in Armour
 22778 | D:11     | Reached skill level 10 in Shields
 22778 | D:11     | Reached skill level 10 in Unarmed Combat
 22778 | D:11     | Reached skill level 10 in Spellcasting
 22778 | D:11     | Reached skill level 10 in Evocations
 22969 | D:11     | Found a bloodstained altar of Trog.
 23035 | D:11     | Found a portal to a secret trove of treasure.
 23255 | Orc:1    | Entered Level 1 of the Orcish Mines
 23397 | Orc:1    | Paralysed by an orc sorcerer for 2 turns
 24050 | Orc:2    | Entered Level 2 of the Orcish Mines
 24080 | Orc:2    | Noticed Saint Roka
 24128 | Orc:2    | Found a gate leading to a gauntlet.
 24151 | Orc:2    | Learned a level 4 spell: Hailstorm
 24155 | Orc:2    | Learned a level 3 spell: Frozen Ramparts
 24173 | Gauntlet | Entered a Gauntlet
 24173 | Gauntlet | Found a transporter.
 24181 | Gauntlet | Found a transporter.
 24184 | Gauntlet | Found a transporter.
 24185 | Gauntlet | Found a transporter.
 24196 | Gauntlet | Found a transporter.
 24197 | Gauntlet | Found a transporter.
 24198 | Gauntlet | Found a transporter.
 24205 | Gauntlet | Found a transporter.
 24208 | Gauntlet | Found a transporter.
 24209 | Gauntlet | Found a transporter.
 24255 | Gauntlet | Gained mutation: Your body sometimes deteriorates upon
                  | taking damage. [a shining eye]
 24258 | Gauntlet | Gained mutation: Your spells are a little easier to cast,
                  | but a little less powerful. [a shining eye]
 24263 | Gauntlet | Paralysed by a floating eye for 3 turns
 24376 | Gauntlet | Found a transporter.
 24376 | Gauntlet | Found a transporter.
 24376 | Gauntlet | Found a transporter.
 24563 | Gauntlet | Found a runed translucent door.
 24564 | Gauntlet | Found a runed translucent door.
 24566 | Gauntlet | Found a transporter.
 24717 | Gauntlet | Identified the +6 hand crossbow of Ignis's Benevolence
                  | {speed, +Blink}
 24750 | Gauntlet | HP: 4/120 [minotaur/bolt (19)]
 24755 | Gauntlet | Slain by a minotaur

Illustrated notes

Levels and vault maps discovered:
D:1:      dpeg_arrival_fog, layout_rooms, nicolae_ecumenical_snake_handling,
          chequers_hall_statues_wall_a
D:2:      layout_basic, basic_altar, uniq_terence, uniq_natasha,
          uniq_crazy_yiuf_cottage
D:3:      layout_loops_ring, fedhas_altar_1, kennysheep_nondescript,
          minmay_misc_feat_plants, minmay_strange_pillars
D:4:      layout_basic, kennysheep_mini, lemuel_old_faithful
D:5:      layout_rooms, mainiacjoe_overflow_catch_the_wave
D:6:      layout_basic, serial_co_window_serial, co_window_corner_a,
          co_window_of_opportunity_a, co_window_paths_a, co_window_paths_a,
          co_window_paths_a, co_window_broadway_a, co_window_of_opportunity_b,
          co_window_paths_c, co_window_unsneaky_path_c, co_window_broadway_a,
          co_window_corner_ca, co_window_paths_e, co_window_sun
D:7:      layout_basic, eat_drink_and_be_merry_uskayaw,
          minmay_temple_entry_tees, chequers_serial_rivers_large_a,
          hangedman_feature_mirror, uniq_maggie
D:8:      layout_basic, fiery_altar_vehumet, dpeg_lair_monsters,
          kennysheep_generic_room_7
D:9:      layout_cave_pods, uniq_pikel
D:10:     layout_loops_ring, orc_0_dummy, gammafunk_ghost_spectres
D:11:     layout_cave_pools, nicolae_trove_entry_free_sample, bloody_trog,
          uniq_josephine
Lair:1:   layout_gridlike, lemuel_fruit_fields, infiniplex_staircase_pool
Lair:2:   layout_roguey, dummy_snake_entry, chequers_serial_rivers_small_a
Lair:3:   wad_woods_04, layout_cave_pods, ebering_ghost_xom
Lair:4:   beast_lair_carwin_large_2, layout_gridlike, elwin_shoals_entry_stream
Lair:5:   layout_gridlike, dpeg_slime_entry_enclosed_altar, grunt_megastairs_3
Lair:6:   wormcave, layout_regular_city, hangedman_lair_tendril_chambers,
          ice2_lemuel
Orc:1:    layout_caves
Orc:2:    st_orc_pillars, layout_caves, gauntlet_entry_generic, uniq_saint_roka,
          uniq_jorgrun
Gauntlet: gammafunk_gauntlet_77_escape_option [minmay_gauntlet_arena_77_braids,
          minmay_gauntlet_arena_77_p_blocks,
          minmay_gauntlet_arena_77_radiant_squares,
          minmay_gauntlet_arena_77_chump_sandwich,
          minmay_gauntlet_arena_77_cramped, dreamdust_gauntlet_exit_labyrinth]

Skill      XL: |  1  2  3  4  5  6  7  8  9 10 11 12 13 14 15 |
---------------+----------------------------------------------+-----
Stealth        | 10 11 12 13 | 13.7
Short Blades   | 1 2 3 4 5 6 7 8 9 10 | 10.2
Long Blades    | 1 2 3 4 5 6 7 8 9 10 | 10.2
Maces & Flails | 1 2 3 4 5 6 7 8 9 10 | 10.2
Polearms       | 1 2 3 4 5 6 7 8 9 10 | 10.2
Staves         | 1 2 3 4 5 6 7 8 9 10 | 10.2
Slings         | 1 2 3 4 5 6 7 8 9 10 | 10.2
Bows           | 1 2 3 4 5 6 7 8 9 10 | 10.2
Crossbows      | 1 2 3 4 5 6 7 8 9 10 | 10.2
Throwing       | 1 2 3 4 5 6 7 8 9 10 | 10.2
Armour         | 1 2 3 4 5 6 7 8 9 10 | 10.2
Shields        | 1 2 3 4 5 6 7 8 9 10 | 10.2
Unarmed Combat | 1 2 3 4 5 6 7 8 9 10 | 10.2
Spellcasting   | 1 2 3 4 5 6 7 8 9 10 | 10.2
Invocations    | 1 2 3 4 5 6 7 8 9 10 11 | 11.1
Evocations     | 1 2 3 4 5 6 7 8 9 10 | 10.2
Conjurations   | 1 2 3 4 5 6 7 8 |  8.5
Hexes          | 1 2 3 4 5 6 7 8 |  8.5
Summonings     | 1 2 3 4 5 6 7 8 |  8.5
Necromancy     | 1 2 3 4 5 6 7 8 |  8.5
Translocations | 1 2 3 4 5 6 7 8 |  8.5
Transmutations | 1 2 3 4 5 6 7 8 |  8.5
Fire Magic     | 1 2 3 4 5 6 7 8 |  8.5
Ice Magic      | 1 2 3 4 5 6 7 8 |  8.5
Air Magic      | 1 2 3 4 5 6 7 8 |  8.5
Earth Magic    | 1 2 3 4 5 6 7 8 |  8.5
Poison Magic   | 1 2 3 4 5 6 7 8 |  8.5
Axes           | 5 6 7 8 9 10 11 | 11.2
Dodging        | 5 6 7 8 9 10 11 | 11.2
Fighting       | 7 8 9 10 11 12 | 12.0

Action                   |  1- 3 |  4- 6 |  7- 9 | 10-12 | 13-15 || total
-------------------------+-------+-------+-------+-------+-------++-------
Melee: Hand axe          |    64 |     8 |       |    17 |       ||    89
       Spear             |    16 |   140 |    46 |       |       ||   202
       Bite              |     6 |    13 |    10 |    40 |    90 ||   159
       Dagger            |       |     1 |       |       |       ||     1
       Punch             |       |     4 |     2 |    10 |    36 ||    52
       Trident           |       |       |   110 |   274 |   643 ||  1027
       Kick              |       |       |     1 |     9 |    16 ||    26
       Headbutt          |       |       |     1 |     2 |    13 ||    16
       Scimitar          |       |       |       |       |    36 ||    36
Throw: Throwing net      |       |       |       |       |     2 ||     2
 Cast: Beastly Appendage |       |     3 |     1 |     2 |     5 ||    11
       Poisonous Vapours |       |       |     1 |     1 |    78 ||    80
       Olgreb's Toxic Ra |       |       |       |     2 |    19 ||    21
       Fulminant Prism   |       |       |       |     1 |    30 ||    31
       Petrify           |       |       |       |       |     2 ||     2
       Metabolic Englaci |       |       |       |       |    36 ||    36
       Apportation       |       |       |       |       |    10 ||    10
Invok: Potion Petition   |       |       |       |     3 |     1 ||     4
Evoke: Wand              |       |     9 |     3 |     3 |    14 ||    29
  Use: Potion            |     1 |     2 |     3 |     4 |    10 ||    20
       Scroll            |       |     6 |     5 |    11 |     9 ||    31
 Stab: Sleeping          |     2 |    12 |    12 |     9 |     7 ||    42
       Distracted        |       |       |     3 |     6 |    19 ||    28
       Petrified         |       |       |       |       |     2 ||     2
Armor: Leather armour    |    21 |    18 |    20 |       |       ||    59
       Steam dragon scal |       |       |    14 |    61 |   158 ||   233
       Ring mail         |       |       |       |       |    12 ||    12
Dodge: Dodged            |    37 |    76 |    95 |   159 |   277 ||   644

Table legend: (Time is in decaauts)
 A = Elapsed time spent in this place.
 B = Non-inter-level travel time spent in this place.
 C = Inter-level travel time spent in this place.
 D = Time resting spent in this place.
 E = Time spent auto-exploring this place.
 F = Levels seen in this place.
 G = Mean time per level.
                   A        B        C        D        E       F      G
               +--------+--------+--------+--------+--------+-----+--------+
         Total |  24685 |  23807 |    878 |   5587 |  12649 |  20 | 1234.2 |
       Dungeon |  13498 |  12962 |    536 |   3571 |   6481 |  11 | 1227.1 |
          Lair |   9836 |   9528 |    308 |   1636 |   5793 |   6 | 1639.3 |
  Orcish Mines |    790 |    757 |     33 |    182 |    333 |   2 |  395.0 |
      Gauntlet |    559 |    559 |      0 |    197 |     42 |   1 |  559.0 |
               +--------+--------+--------+--------+--------+-----+--------+

Top non-repeatable levels by time:
  Lair:4: 2088 daAuts
     D:8: 2059 daAuts
  Lair:5: 1979 daAuts
     D:7: 1929 daAuts
  Lair:6: 1907 daAuts
     D:2: 1868 daAuts
  Lair:3: 1746 daAuts
     D:6: 1415 daAuts
     D:4: 1287 daAuts
     D:9: 1150 daAuts
  Lair:2: 1123 daAuts
    D:10: 996 daAuts
  Lair:1: 993 daAuts
     D:3: 939 daAuts
   Orc:1: 705 daAuts
